 Dungeon Crawl Stone Soup version 0.27.1-34-g3ba077fa99 (webtiles) character file.

Game seed: 11604854575834123952

61 Delamore the Sneak (level 4, 0/29 HPs)
             Began as an Octopode Brigand on Feb 2, 2022.
             Engulfed by a cloud of flame (29 damage)
             ... on level 2 of the Dungeon.
             The game lasted 00:01:27 (1724 turns).

Delamore the Sneak (Octopode Brigand)               Turns: 1724, Time: 00:01:28

Health: 0/29       AC:  1    Str: 10    XL:     4   Next: 7%
Magic:  4/4        EV: 12    Int: 13    God:
Gold:   112        SH:  0    Dex: 14    Spells: 3/3 levels left

rFire    . . .     SeeInvis .   a - +2 dagger
rCold    . . .     Faith    .   (no shield)
rNeg     . . .     Spirit   .   (helmet restricted)
rPois    .         Reflect  .   (no amulet)
rElec    .         Harm     .   (no ring)
rCorr    .         Rampage  .   (no ring)
Will     .....                  (no ring)
Stlth    ++++......             (no ring)
HPRegen  0.09/turn              (no ring)
MPRegen  0.09/turn              (no ring)
                                (no ring)
                                (no ring)

@: no status effects
A: almost no armour, amphibious, 8 rings, camouflage 1, gelatinous body 1,
(nimble swimmer 1), tentacles
a: no special abilities


You were on level 2 of the Dungeon.
You visited 1 branch of the dungeon, and saw 2 of its levels.

You collected 112 gold pieces.

Inventory:

Hand Weapons
 a - a +2 dagger (weapon)
Missiles
 b - 8 poisoned darts (quivered)
 c - 2 curare-tipped darts
Scrolls
 d - 3 scrolls of enchant armour
 f - 2 scrolls of fog
 h - a scroll of vulnerability
 i - a scroll of magic mapping {unknown}
 j - a scroll of fear {unknown}
 k - a scroll of identify
 m - a scroll of noise {unknown}
 n - a scroll of enchant weapon {unknown}
Potions
 e - 2 potions of mutation {unknown}
 g - a potion of attraction {unknown}
 l - a potion of cancellation {unknown}


   Skills:
 - Level 2.0 Fighting
 + Level 2.8 Short Blades
 - Level 2.0 Throwing
 - Level 1.0 Dodging
 * Level 7.0 Stealth


You had 3 spell levels left.
You didn't know any spells.
Your spell library contained the following spells:

 Spells                   Type           Power      Damage    Failure   Level
 Freeze                   Ice            0%         1d3       30%         1
 Slow                     Hex            0%         N/A       43%         2
 Confusing Touch          Hex            0%         N/A       67%         3
 Vampiric Draining        Necr           0%         2d6       67%         3
 Bolt of Magma            Conj/Fire/Erth 0%         4d4       100%        5
 Fireball                 Conj/Fire      0%         3d3       100%        5
 Starburst                Conj/Fire      0%         6d3       100%        6
 Ozocubu's Refrigeration  Ice            0%         4d5       100%        7
 Ignition                 Fire           0%         3d3       100%        8
 Animate Armour           Summ/Erth      Unusable   N/A       N/A         4

Dungeon Overview and Level Annotations

Branches:
Dungeon (2/15)

Altars:

Shops:
D:2 *


Innate Abilities, Weirdness & Mutations

You cannot wear most types of armour.
You are amphibious.
You can wear up to eight rings at the same time.
Your skin changes colour to match your surroundings (Stealth+).
Your rubbery body absorbs attacks. (AC +1, EV +1)
((You are camouflaged near water. (Stealth+)))
You have tentacles for arms and can constrict up to eight enemies at once.


Message History

You have reached level 4!
You open the door.
There is an open door here.
You open the door.
A goblin comes into view. It is wielding a +0 club.
A goblin is nearby!
A goblin is nearby!
A goblin is nearby!
The helpless goblin fails to defend itself.
You impale the goblin!!
You kill the goblin!
No target in view!
No target in view!
No target in view!
No target in view!
No target in view!
No target in view!
No target in view!
No target in view!
You see here a +0 club.
Found 17 gold pieces.
You now have 112 gold pieces (gained 17).
Found a stone staircase leading down.
Found 12 gold pieces.
Found 21 gold pieces.
There is a stone staircase leading down here.
Found a scroll labelled OKATIDWOSTE.
n - a scroll labelled OKATIDWOSTE A dart slug comes into view.
Found 5 gold pieces.
A dart slug is nearby!
A dart slug is nearby!
A dart slug is nearby!
A dart slug is nearby!
Really wriggle into a travel-excluded area?
Found 8 gold pieces.
Really wriggle into that cloud of flame?
You are engulfed in blazing flames.
Ouch! That really hurt!
You die...

#.# #...# #.###### #.#
###.# #......### #.#
#.# ####.....#
#.#####.########.....#
........#............#
#.#######.######.....#
#.# #.# #.....# #.# #.#
#...### #.# #.# #@☼☼#
#.# #.# #○☼§# #.# #>#
#§§°# ..# #.######...#
#.# #...☼§§..$..
#.#######...○☼☼.$.w.☼
#.........#..☼...$$.§☼
..######..######...####
..# #...#


You could see a dart slug (asleep).

Vanquished Creatures
  2 adders (D:2)
  A worm (D:2)
  6 ball pythons
  4 bats (D:1)
  2 endoplasms
  2 giant cockroaches (D:1)
  5 goblins
  2 hobgoblins
  A jackal (D:2)
  5 frilled lizards
  5 kobolds
  2 rats (D:2)
37 creatures vanquished.

Notes
Turn   | Place    | Note
-------+----------+-------------------------------------------
     0 | D:1      | Delamore the Octopode Brigand began the quest for the Orb.
     0 | D:1      | Reached XP level 1. HP: 14/14 MP: 1/1
     9 | D:1      | Found a faded altar of an unknown god.
   134 | D:1      | Reached XP level 2. HP: 18/19 MP: 2/2
   207 | D:1      | Reached skill level 6 in Stealth
   568 | D:1      | Reached XP level 3. HP: 24/24 MP: 3/3
  1065 | D:2      | Got the Guide on the Earthen Glacier
  1210 | D:2      | Found Noteella's Assorted Antiques.
  1494 | D:2      | Reached skill level 7 in Stealth
  1494 | D:2      | Reached XP level 4. HP: 29/29 MP: 4/4
  1724 | D:2      | Engulfed by a cloud of flame

Illustrated notes

Levels and vault maps discovered:
D:1:      scummos_arrival_forest, layout_basic, dreamdust_ecumenical_altar_grove
D:2:      minmay_door_path, layout_loops_ring, serial_shops,
          nicolae_square_shop, lemuel_flame_loot_1

Skill      XL: |  1  2  3 |
---------------+----------+-----
Stealth        | 6 7 |  7.0
Fighting       | |  2.0
Short Blades   | |  2.8
Throwing       | |  2.0
Dodging        | |  1.0

Action                   |  1- 3 |  4- 6 || total
-------------------------+-------+-------++-------
Melee: Dagger            |    51 |     1 ||    52
       Constrict         |     8 |       ||     8
       Tentacles         |     5 |       ||     5
  Use: Scroll            |     3 |       ||     3
 Stab: Sleeping          |    21 |     1 ||    22
Armor: Skin              |     2 |       ||     2
Dodge: Dodged            |    17 |       ||    17
